 Dungeon Crawl Stone Soup version 0.30-a0-591-g3c58d2bc28 (webtiles) character file.

Game seed: 11504943576977464973

44 Dartaoz the Gusty (level 3, -1/20 HPs)
             Began as a Tengu Air Elementalist on Jan 5, 2023.
             Slain by a goblin
             ... wielding a +0 club
             ... led by Robin
              (2 damage)
             ... on level 2 of the Dungeon.
             The game lasted 00:05:14 (1840 turns).

Dartaoz the Gusty (Tengu Air Elementalist)          Turns: 1840, Time: 00:05:15

Health: -1/20      AC:  2    Str:  8    XL:     3   Next: 60%
Magic:  1/7        EV: 12    Int: 17    God:
Gold:   76         SH:  0    Dex: 14    Spells: 0/6 levels left

rFire   . . .      SeeInvis .    g - +0 dagger
rCold   . . .      Faith    .    (no shield)
rNeg    . . .      Spirit   .    a - +0 robe
rPois   .          Reflect  .    (helmet restricted)
rElec   .          Harm     .    (no cloak)
rCorr   .          Rampage  .    (no gloves)
Will    .....                    (boots unavailable)
Stlth   ++                       (no amulet)
HPRegen 0.23/turn                (no ring)
MPRegen 0.10/turn                (no ring)

@: no status effects
A: beak, talons 3
a: no special abilities


You were on level 2 of the Dungeon.
You visited 1 branch of the dungeon, and saw 2 of its levels.

You collected 76 gold pieces.

Inventory:

Hand Weapons
 g - a +0 dagger (weapon)
Armour
 a - a +0 robe (worn)
Scrolls
 d - a scroll of immolation {unknown}
 e - a scroll of noise {unknown}
 f - 2 scrolls of identify {unknown}
Potions
 b - a potion of magic
 c - a potion of curing {unknown}
 h - 2 potions of degeneration {unknown}
 i - a potion of might {unknown}
 j - a potion of mutation {unknown}


   Skills:
 + Level 1.0 Fighting
 + Level 2.5 Dodging
 + Level 2.4 Stealth
 + Level 2.4 Spellcasting
 + Level 2.1 Conjurations
 + Level 4.3 Air Magic


You couldn't memorise any spells.
You knew the following spells:

 Your Spells              Type           Power      Damage    Failure   Level
a - Shock                 Conj/Air       52%        1d6       4%          1
b - Static Discharge      Conj/Air       26%        2-4/arc   8%          2
c - Swiftness             Air            16%        N/A       10%         3

Your spell library contained the following spells:

 Spells                   Type           Power      Damage    Failure   Level
 Airstrike                Air            8%         2d(2-18)  30%         4
 Gell's Gravitas          Tloc           2%         N/A       50%         3
 Lesser Beckoning         Tloc           4%         N/A       50%         3
 Teleport Other           Tloc           2%         N/A       50%         3


Dungeon Overview and Level Annotations

Branches:
Dungeon (2/15)

Altars:

Annotations:
D:2 Robin


Innate Abilities, Weirdness & Mutations

You have a beak for a mouth.
You have claws for feet.


Message History

The zap hits Robin.
Robin is severely wounded.
The zap misses the goblin.
The zap hits the goblin.
The goblin is severely wounded.
A goblin comes into view. It is wielding a +0 dagger.
The goblin no longer looks unusually strong.
Robin roars a battlecry!
The goblins go into a battle-frenzy!
Robin throws the goblin at you! The goblin closely misses you.
Robin throws the goblin at you! The goblin attacks as you move away!
The goblin misses you. The goblin hits you with a +0 club.
Robin throws the goblin at you!
There is a stone staircase leading down here.
The goblin attacks as you move away! The goblin barely misses you.
The goblin no longer looks unusually strong.
The goblin attacks as you move away! The goblin barely misses you.
A goblin comes into view. It is wielding a +0 club.
Robin throws the goblin at you!
You hit the goblin but do no damage. You claw the goblin.
You kill the goblin!
The goblin no longer looks unusually strong.
The goblin barely misses you.
Your Fighting skill increases to level 1!
Robin throws the goblin at you!
There is a stone staircase leading down here.
Things that are here:
a +0 club; a goblin corpse You barely miss the goblin.
The goblin hits you with a +0 club. The goblin hits you with a +0 dagger.
The goblin barely misses you.
Robin roars a battlecry!
The goblins go into a battle-frenzy!
You barely miss the goblin. Your peck misses the goblin.
The goblin hits you but does no damage. The goblin closely misses you.
The goblin hits you with a +0 club.
* * * LOW HITPOINT WARNING * * *
The goblin shouts!
You hit the goblin. You claw the goblin.
You kill the goblin!
Robin throws the goblin at you! The goblin hits you with a +0 club.
You die...

#.##..........#
#.####.###.#### #.# #.#
#.# #.####.# #.#
#......###.#
#####.g...)# ###
#.####†# #..
#######.####.## #.#
#....g@gg.....# #.#
#.#####..###..###.#####
#.# #..# #..........#
#.# #..###..###.###.#
#.# #....>..# #......
#.# ######.## #####.#
### #.# #.# #.# .. ..#
#.# ##'## #.. .# #.#
##.# ##...## ###


You could see Robin and 3 goblins.

Vanquished Creatures
  An adder (D:2)
  A ball python (D:1)
  5 endoplasms
  9 goblins
  3 hobgoblins
  A bat (D:1)
  4 frilled lizards (D:1)
  7 kobolds
  4 rats (D:1)
35 creatures vanquished.

Notes
Turn   | Place    | Note
-------+----------+-------------------------------------------
     0 | D:1      | Dartaoz the Tengu Air Elementalist began the quest for the
                  | Orb.
     0 | D:1      | Reached XP level 1. HP: 10/10 MP: 4/4
   307 | D:1      | Reached XP level 2. HP: 15/15 MP: 4/6
  1392 | D:2      | Reached XP level 3. HP: 20/20 MP: 5/7
  1529 | D:2      | Learned a level 2 spell: Static Discharge
  1533 | D:2      | Learned a level 3 spell: Swiftness
  1811 | D:2      | Noticed Robin
  1837 | D:2      | Reached skill level 1 in Fighting
  1839 | D:2      | HP: 1/20 [goblin/+0 club[Robin] (6)]
  1840 | D:2      | Slain by a goblin

Illustrated notes

Levels and vault maps discovered:
D:1:      saegor_arrival_simple_a, layout_loops_corners
D:2:      layout_loops_corners, serial_shops, shop, uniq_robin, uniq_terence

Skill      XL: |  1  2  3 |
---------------+----------+-----
Conjurations   | 2 |  2.1
Fighting       | 1 |  1.0
Dodging        | |  2.5
Stealth        | |  2.4
Spellcasting   | |  2.4
Air Magic      | |  4.3

Action                   || total
-------------------------++-------
Melee: Dagger            ||     7
       Kick              ||     4
 Cast: Shock             ||    78
Armor: Robe              ||     3
Dodge: Dodged            ||    19

Table legend: (Time is in decaauts)
 A = Elapsed time spent in this place.
 B = Non-inter-level travel time spent in this place.
 C = Inter-level travel time spent in this place.
 D = Time resting spent in this place.
 E = Time spent auto-exploring this place.
 F = Levels seen in this place.
 G = Mean time per level.
                   A        B        C        D        E       F      G
               +--------+--------+--------+--------+--------+-----+--------+
         Total |   1839 |   1794 |     45 |      0 |   1611 |   2 |  919.5 |
       Dungeon |   1839 |   1794 |     45 |      0 |   1611 |   2 |  919.5 |
               +--------+--------+--------+--------+--------+-----+--------+

Top non-repeatable levels by time:
     D:1: 1321 daAuts
     D:2: 517 daAuts
